 Dungeon Crawl Stone Soup version 0.26-a0-1129-gc5df7fbe6a (webtiles) character file.

Game seed: 6726473002644389591

617180 sahdkjhfkaj the Slayer (level 27, -1/196 HPs)
             Began as a Gargoyle Ice Elementalist on Dec 19, 2020.
             Was the Champion of Vehumet.
             Killed from afar by a red draconian stormcaller (75 damage)
             ... on level 4 of the Realm of Zot.
             The game lasted 02:55:41 (90425 turns).

sahdkjhfkaj the Slayer (Gargoyle Ice Elementalist) Turns: 90425, Time: 02:55:42

Health: -1/196     AC: 36    Str: 14    XL:     27
Magic:  10/42      EV: 28    Int: 36    God:    Vehumet [******]
Gold:   7347       SH: 16    Dex: 13    Spells: 2/56 levels left

rFire    + + .     SeeInvis .   b - staff of cold
rCold    + + .     Faith    .   u - +3 kite shield of the Tortoise {rPois}
rNeg     + . .     Spirit   .   N - +0 fire dragon scales
rPois    ∞         Reflect  .   Y - +2 helmet {Int+3}
rElec    +         Harm     .   w - +2 cloak {Will+}
rCorr    .         Rampage  .   h - +2 pair of gloves {archery}
Will     ++++.                  B - +2 pair of boots {run}
Stlth    ..........             S - amulet of Prescription {Acrobat rC++ Int+6 Dex+3}
HPRegen  0.42/turn              a - ring of willpower
MPRegen  0.28/turn              O - ring of wizardry

@: frozen, acrobat, flying, slow
A: big wings, deformed body, negative energy resistance 1, electricity
resistance, unbreathing, petrification resistance, miasma immunity, AC +20
}: 3/15 runes: serpentine, barnacled, silver
a: Stop Flying, Renounce Religion


You were on level 4 of the Realm of Zot.
You worshipped Vehumet.
Vehumet was exalted by your worship.
You visited 11 branches of the dungeon, and saw 50 of its levels.
You visited 1 bazaar.
You also visited: Bailey, Gauntlet and Ice Cave.

You collected 8754 gold pieces.
You spent 1407 gold pieces at shops.

Inventory:

Missiles
 U - 10 throwing nets {!f}
Armour
 h - a +2 pair of gloves of archery (worn)
 u - the +3 kite shield of the Tortoise (worn) {rPois}
   (You found it on level 6 of the Lair of Beasts)

   It protects you from poison.
 w - a +2 cloak of willpower (worn)
 B - a +2 pair of boots of running (worn)
 N - +0 fire dragon scales (worn)
 Y - a +2 helmet of intelligence (worn)
Magical Staves
 b - an uncursed staff of cold (weapon)
Jewellery
 a - a ring of willpower (left hand)
 C - the ring of Nusaba {*Slow Will+ Int+6 Dex+5}
   (You took it off a balrug in a Gauntlet)

   [ring of intelligence]

   It affects your intelligence (+6).
   It affects your dexterity (+5).
   It affects your willpower, your defense against some magical effects.
   It may slow you when you take damage.
 D - a ring of the Octopus King {MP+9 AC+1 EV+1 Str+1 Int+1 Dex+1}
   (You found it on level 4 of the Shoals)

   [ring of magical power]

   It affects your AC (+1).
   It affects your evasion (+1).
   It affects your strength (+1).
   It affects your intelligence (+1).
   It affects your dexterity (+1).
   It affects your magic capacity (+9).
 L - an uncursed ring of see invisible
 O - a ring of wizardry (right hand)
 S - the amulet of Prescription (around neck) {Acrobat rC++ Int+6 Dex+3}
   (You took it off a spriggan berserker on level 2 of the Depths)

   [amulet of the acrobat]

   It helps you evade while moving and waiting.
   It affects your intelligence (+6).
   It affects your dexterity (+3).
   It greatly protects you from cold.
Wands
 q - a wand of iceblast (51)
 y - a wand of enslavement (18)
 I - a wand of digging (29)
 J - a wand of disintegration (46)
 P - a wand of acid (34)
 V - a wand of paralysis (29)
Scrolls
 c - 12 scrolls of fog
 f - 9 scrolls of immolation
 g - 28 scrolls of remove curse
 i - 11 scrolls of fear
 j - 18 scrolls of teleportation {!r}
 k - 7 scrolls of enchant armour
 l - 15 scrolls of amnesia
 t - 6 scrolls of brand weapon
 x - 7 scrolls of magic mapping
 A - 2 scrolls of silence {!r}
 G - 2 scrolls of holy word
 K - 11 scrolls of identify
 Q - 2 scrolls of torment
 T - 3 scrolls of blinking
 W - 4 scrolls of summoning
 X - 5 scrolls of vulnerability
Potions
 d - a potion of cancellation
 e - 3 potions of invisibility
 m - 7 potions of might
 n - 16 potions of heal wounds
 o - 4 potions of resistance
 p - 5 potions of mutation
 s - 5 potions of haste
 v - 25 potions of curing
 z - 8 potions of lignification
 F - 4 potions of brilliance
 H - 7 potions of magic
 M - 10 potions of ambrosia
Miscellaneous
 r - a box of beasts
 E - the horn of Geryon
 R - a condenser vane
 Z - a tin of tremorstones (2/2)


   Skills:
 - Level 26.4 Fighting
 - Level 2.0 Polearms
 + Level 0.3 Armour
 - Level 10.2 Dodging
 - Level 2.1 Stealth
 - Level 15.0 Shields
 + Level 15.4 Spellcasting
 - Level 15.0 Conjurations
 - Level 10.0 Summonings
 - Level 3.0 Transmutations
 - Level 25.0 Ice Magic
 + Level 10.0 Earth Magic
 - Level 11.6 Evocations


You had 2 spell levels left.
You knew the following spells:

 Your Spells              Type           Power        Failure   Level
d - Lee's Rapid Deconstr  Erth           39%          1%          5
e - Ozocubu's Refrigerat  Ice            71%          1%          6
f - Iron Shot             Conj/Erth      43%          1%          6
k - Shadow Creatures      Summ           N/A          9%          6
l - Orb of Destruction    Conj           47%          1%          7
C - Spellforged Servitor  Conj/Summ      43%          4%          7
J - Absolute Zero         Ice            71%          3%          9
O - Ozocubu's Armour      Ice            100%         0%          3
R - Irradiate             Conj/Tmut      37%          1%          5

Your spell library contained the following spells:

 Spells                   Type           Power        Failure   Level
 Lehudib's Crystal Spear  Conj/Erth      43%          30%         8
 Chain Lightning          Conj/Air       34%          87%         8
 Tornado                  Air            13%          100%        9
 Freeze                   Ice            100%         0%          1
 Magic Dart               Conj           100%         0%          1
 Foxfire                  Conj/Fire      100%         1%          1
 Sandblast                Erth           100%         1%          1
 Shock                    Conj/Air       100%         1%          1
 Sting                    Tmut/Pois      100%         1%          1
 Summon Small Mammal      Summ           100%         1%          1
 Call Imp                 Summ           79%          1%          2
 Passwall                 Tmut/Erth      54%          1%          2
 Searing Ray              Conj           100%         1%          2
 Animate Skeleton         Necr           54%          3%          1
 Apportation              Tloc           54%          3%          1
 Corona                   Hex            30%          3%          1
 Pain                     Necr           100%         3%          1
 Corpse Rot               Necr/Air       N/A          4%          2
 Poisonous Vapours        Pois/Air       54%          4%          2
 Swiftness                Air            27%          4%          2
 Frozen Ramparts          Ice            100%         0%          3
 Hailstorm                Conj/Ice       100%         0%          4
 Conjure Flame            Conj/Fire      69%          1%          3
 Dazzling Flash           Conj/Hex       100%         1%          3
 Ignite Poison            Fire/Tmut/Pois 35%          1%          3
 Mephitic Cloud           Conj/Pois/Air  59%          1%          3
 Static Discharge         Conj/Air       69%          1%          3
 Stone Arrow              Conj/Erth      100%         1%          3
 Fulminant Prism          Conj/Hex       34%          1%          4
 Ice Form                 Ice/Tmut       100%         1%          4
 Iskenderun's Mystic Bla  Conj/Tloc      69%          1%          4
 Sticky Flame             Conj/Fire      69%          1%          4
 Summon Ice Beast         Ice/Summ       100%         1%          4
 Bolt of Magma            Conj/Fire/Erth 36%          1%          5
 Fireball                 Conj/Fire      34%          1%          5
 Iskenderun's Battlesphe  Conj           94%          1%          5
 Lightning Bolt           Conj/Air       34%          1%          5
 Metabolic Englaciation   Hex/Ice        54%          1%          5
 Summon Demon             Summ           39%          1%          5
 Freezing Cloud           Conj/Ice/Air   55%          1%          6
 Petrify                  Tmut/Erth      65%          2%          4
 Inner Flame              Hex/Fire       27%          3%          3
 Simulacrum               Ice/Necr       54%          3%          6
 Summon Lightning Spire   Summ/Air       59%          4%          4
 Starburst                Conj/Fire      34%          7%          6
 Confusing Touch          Hex            27%          10%         3
 Gell's Gravitas          Tloc           13%          10%         3
 Lesser Beckoning         Tloc           13%          10%         3
 Tukima's Dance           Hex            27%          10%         3
 Vampiric Draining        Necr           13%          10%         3
 Airstrike                Air            13%          10%         4
 Olgreb's Toxic Radiance  Pois           27%          10%         4
 Summon Forest            Summ/Tloc      29%          12%         5
 Summon Mana Viper        Hex/Summ       59%          12%         5
 Yara's Violent Unravell  Hex/Tmut       19%          13%         5
 Animate Dead             Necr           13%          32%         4
 Cause Fear               Hex            13%          32%         4
 Dispel Undead            Necr           27%          32%         4
 Monstrous Menagerie      Summ           39%          41%         7
 Summon Greater Demon     Summ           39%          41%         7
 Summon Hydra             Summ           39%          41%         7
 Alistair's Intoxication  Tmut/Pois      25%          43%         5
 Agony                    Necr           27%          63%         5
 Excruciating Wounds      Necr           13%          63%         5
 Hydra Form               Tmut           24%          78%         6
 Eringya's Noxious Bog    Tmut/Pois      19%          92%         6
 Malign Gateway           Summ/Tloc      29%          96%         7
 Summon Horrible Things   Summ           39%          96%         8
 Invisibility             Hex            27%          99%         6
 Dragon Form              Tmut           24%          100%        7
 Ignition                 Fire           13%          100%        8
 Dragon's Call            Summ           39%          100%        9
 Fire Storm               Conj/Fire      34%          100%        9
 Sublimation of Blood     Necr           Unusable     N/A         2
 Statue Form              Tmut/Erth      Unusable     N/A         6

Dungeon Overview and Level Annotations

Branches:
Dungeon (15/15)            Temple (1/1) D:7            Lair (6/6) D:8
 Shoals (4/4) Lair:4        Snake (4/4) Lair:2        Slime (0/5) Lair:6
    Orc (2/2) D:11            Elf (3/3) Orc:2        Vaults (5/5) D:14
  Crypt (0/3) Vaults:2     Depths (5/5) D:15           Hell (visited)
    Zot (4/5) Depths:5     Bailey (visited)           IceCv (visited)
Gauntlet (visited)
    Dis: Hell:1         Geh: Hell:1         Coc: Hell:1         Tar: Hell:1

Altars:
Ashenzari
Cheibriados
Dithmenos
Elyvilon
Fedhas
Gozag
Hepliaklqana
Kikubaaqudgha
Makhleb
Nemelex Xobeh
Okawaru
Qazlal
Ru
Sif Muna
Trog
Uskayaw
Vehumet
Wu Jian
Xom
Yredelemnul
Zin
The Shining One
Beogh
Jiyva
Lugonu

Shops:
D:8 (   D:13 =   Orc:2 [!!(   Elf:3 }   Shoals:2 ***=[   Shoals:4 [
Vaults:1 *   Depths:3 [

Portals:
Hell: Depths:1 Depths:2 Depths:3 Depths:4 Depths:5
Abyss: Depths:2 Depths:4
Pandemonium: Depths:3 Depths:4 Depths:5
Ziggurat: Depths:4
Trove: D:15 (show abyssal rune of Zot)

Annotations:
Elf:2 3 runed translucent doors
Vaults:4 3 runed translucent doors, DatorSojat's ghost, veteran SpEn
Zot:3 1 transporter


Innate Abilities, Weirdness & Mutations

You are resistant to torment.
Your stone body is resilient. (AC +20)
You are immune to poison.
Your large and strong wings let you fly indefinitely.
You resist negative energy. (rN+)
You are resistant to electric shocks. (rElec)
You can survive without breathing.
You are immune to petrification.
You are immune to miasma.
Armour fits poorly on your strangely shaped body.


Message History

The red draconian stormcaller mumbles some strange prayers to Qazlal against you.
The blast of rubble hits you but does no damage.
You hear a roar!
You hear a deafening roar!
You hear a roar! x3
The purple draconian scorcher is engulfed in noxious fumes.
The red draconian stormcaller calls down the wrath of Qazlal upon you.
The blast of ice hits you!! You partially resist.
You are encased in ice.
Unknown command.
The hellion gestures at you.
The sphere of damnation explodes!
The damnation engulfs you! The swamp drake breathes poison at you.
The noxious blast misses you.
The red draconian stormcaller calls down the wrath of Qazlal upon you.
The cutting wind hits you!!!
A storm dragon comes into view.
The storm dragon roars deafeningly!
You hear a roar!
The red draconian stormcaller calls down the wrath of Qazlal upon you.
The cutting wind hits you!!!!
You die...

# ######## #.......... #
#......#######....<..... #
#......'....##.....D....
###......####.##..........
#........#.....'..........
#.#......#.#####..........
#>#.#.#..#°# ##'####+##+
8........#°# #°.# ...
#.#.#.#.k#.#####@###...#
.....).k2q.°k°°°°......#
#.#.#.#..#q#####°###.######+##
....k..°°°°○..##.# # #.......#
#.#.#.###°###.'..###.#.......#
....2...'.# #.#......#.......#
#.#.#.###.###.#......'.......#
#####..##.....####'###...)...#
#####.###..................).#


You could see a storm dragon, a red draconian stormcaller, a purple draconian
scorcher and a swamp drake (summoned).

Vanquished Creatures
  An ancient lich (Depths:4)
  A juggernaut (Depths:4)
  Sojobo (Vaults:2)
  Margery (Vaults:4)
  3 curse toes
  Geryon (Hell)
  Saint Roka (D:14)
  2 caustic shrikes
  Nikola (Snake:2)
  Jory (Vaults:2)
  9 golden dragons
  A bone dragon (Depths:5)
  8 tentacled monstrosities
  Jorgrun (Orc:1)
  6 liches
  2 deep elf blademasters
  A deep elf master archer (Elf:3)
  9 quicksilver dragons
  3 sphinxes (Vaults:5)
  5 titans
  An acid blob (shapeshifter) (Depths:4)
  3 death cobs
  An eldritch tentacle (Hell)
  9 storm dragons
  9 tengu reavers
  Frances (D:13)
  5 draconian monks
  15 nagarajas
  An azure jelly (shapeshifter) (Vaults:5)
  10 shadow dragons
  8 fire giants
  14 vault wardens
  2 ghost moths
  Aizul (Snake:1)
  3 draconian knights
  5 deep elf sorcerers
  8 frost giants
  Louise (Snake:4)
  3 draconian scorchers
  3 iron dragons
  7 draconian stormcallers
  A cacodemon (Hell)
  7 deep elf elementalists
  A draconian annihilator (Depths:5)
  2 balrugs
  5 reapers (Hell)
  4 draconian shifters
  3 war gargoyles
  24 very ugly things
  9 ironheart preservers
  2 vampire knights
  8 green draconians
  15 stone giants
  5 deep elf demonologists
  An entropy weaver (Vaults:3)
  Nessos (Lair:6)
  8 black draconians
  11 deep elf annihilators
  3 spark wasps
  5 yellow draconians
  A lorocyproca (Depths:2)
  10 red draconians
  9 white draconians
  A minotaur (Gauntlet)
  8 purple draconians
  7 deep elf death magi
  30 ettins
  A green death (Hell)
  10 merfolk impalers
  14 fire dragons
  4 blizzard demons
  4 merfolk javelineers
  Josephine (D:14)
  2 jiangshi (Depths:3)
  25 yaktaur captains
  12 great orbs of eyes
  14 ice dragons
  4 deep elf high priests (Elf:3)
  19 naga warriors
  6 hydras
  7 rakshasas
  Erolcha (D:11)
  28 vault guards
  The ghost of Cheivey the Covert, a journeyman GnDe of Dithmenos (D:9)
  5 catoblepae
  2 spriggan air magi
  4 merfolk avatars
  7 boulder beetles
  13 centaur warriors
  4 merfolk aquamancers
  An alligator snapping turtle (Shoals:4)
  6 anacondas
  41 two-headed ogres
  2 death knights (Vaults:3)
  A two-headed ogre (shapeshifter) (Depths:3)
  5 satyrs
  8 tengu warriors
  9 dancing weapons
  12 ogre magi
  7 deep troll shamans
  9 spriggan berserkers
  2 vampire magi
  5 shock serpents
  15 naga sharpshooters
  9 orc high priests
  19 death yaks
  4 deep troll earth magi
  3 sun demons
  Nergalle (D:11)
  5 soul eaters (Hell)
  25 deep elf knights
  Sonja (D:11)
  2 salamander mystics
  6 skeletal warriors
  2 iron golems (Depths:2)
  3 shadow wraiths
  3 iron trolls
  34 hell knights
  A gelid demonspawn (Depths:5)
  An unseen horror (shapeshifter) (Vaults:1)
  A sixfirhy (Hell)
  An unseen horror (D:15)
  15 sea snakes
  3 wizards
  10 naga ritualists
  5 flayed ghosts
  18 deep trolls
  21 deep elf archers
  3 glowing orange brains
  2 golden dragon zombies (Hell)
  A harpy (shapeshifter) (D:14)
  19 harpies
  16 ironbrand convokers
  2 phantasmal warriors
  A glowing orange brain (shapeshifter) (Vaults:5)
  A sphinx zombie (Vaults:5)
  12 necromancers
  5 oklob plants
  An orb spider (shapeshifter) (Vaults:4)
  60 ugly things
  16 orc knights
  A faun (shapeshifter) (Depths:1)
  12 fauns
  72 deep elf magi
  8 mana vipers
  3 wolf spiders
  4 cyclopes
  2 orc sorcerers
  The ghost of hgbash the Covert, a novice OpBr of Vehumet (D:6)
  A manticore (shapeshifter) (Vaults:5)
  17 manticores
  3 merfolk sirens (Shoals:3)
  10 salamanders
  An elf zombie (Vaults:5)
  A spectral centaur (Gauntlet)
  6 rust devils
  17 moths of wrath
  A torpor snail (Lair:4)
  6 smoke demons (Hell)
  16 vault sentinels
  2 black mambas (shapeshifter)
  6 elephants
  2 centaur zombies
  A hellion (Hell)
  6 water nymphs
  A molten gargoyle (Hell)
  33 black mambas
  14 naga magi
  An ice statue (IceCv)
  10 guardian serpents
  2 orange demons (Hell)
  2 gargoyles
  19 cane toads
  A komodo dragon (shapeshifter) (Vaults:1)
  19 freezing wraiths
  A rime drake (Lair:4)
  An ice devil (Depths:2)
  A guardian mummy (D:15)
  A tormentor (Depths:5)
  10 wind drakes
  9 komodo dragons
  3 red devils (Hell)
  3 tengu conjurers
  53 yaktaurs
  2 queen bees
  13 trolls
  A hydra zombie (Hell)
  A polar bear (Lair:6)
  12 meliai
  A hornet (shapeshifter) (Depths:1)
  A harpy skeleton (D:15)
  37 merfolk
  5 hornets
  A raiju (shapeshifter) (Depths:2)
  16 blink frogs
  7 snapping turtles
  An alligator zombie (Hell)
  A fire dragon zombie (Hell)
  A hydra skeleton (Hell)
  An ettin zombie (Hell)
  4 dream sheep (Shoals:4)
  24 slime creatures
  A redback (shapeshifter) (Vaults:1)
  2 air elementals
  A vampire (D:11)
  A tarantella (shapeshifter) (Vaults:5)
  15 water elementals
  6 wraiths
  31 yaks
  12 wyverns
  A chaos spawn (Depths:5)
  9 fire elementals
  A golden eye (shapeshifter) (D:13)
  3 basilisks
  A death yak simulacrum (IceCv)
  7 vampire mosquitoes
  66 nagas
  A deep troll zombie (Vaults:5)
  9 wargs
  2 acid dragons
  2 soldier ants (shapeshifter)
  9 water moccasins
  Duvessa (D:6)
  2 hell hounds (Hell)
  A floating eye (Depths:3)
  An alligator simulacrum (Hell)
  2 black bears
  8 sky beasts
  12 ice beasts
  53 orc warriors
  2 phantoms
  26 ogres
  8 boggarts
  An ogre (shapeshifter) (Elf:1)
  32 centaurs
  18 wolves
  A centaur (shapeshifter) (Depths:2)
  A spectral wyvern (D:9)
  3 earth elementals
  A wyvern zombie (D:10)
  20 bullfrogs
  Dowan (D:6)
  3 wyvern skeletons
  A scorpion (shapeshifter) (Vaults:5)
  5 scorpions
  A swamp dragon simulacrum (IceCv)
  65 killer bees
  21 wights
  4 electric eels
  4 howler monkeys
  2 bullfrog zombies
  6 jellies
  3 quasits
  A wyvern simulacrum (D:9)
  2 human simulacra
  47 orc priests
  5 draconian simulacra (IceCv)
  8 hounds
  29 orc wizards
  Crazy Yiuf (D:5)
  2 bullfrog skeletons
  3 iron imps
  3 iguanas
  4 centaur skeletons
  Ijyb (D:5)
  Natasha (thrice) (D:2)
  8 worker ants
  6 hell rats
  A polar bear simulacrum (IceCv)
  8 troll simulacra (IceCv)
  A wolf simulacrum (IceCv)
  A bullfrog simulacrum (D:9)
  4 centaur simulacra
  A hound skeleton (D:5)
  A worker ant zombie (D:8)
  13 adders
  5 naga simulacra (IceCv)
  3 shadow imps
  30 white imps
  An ooze (D:1)
  An ufetubus (Depths:3)
  An adder zombie (D:2)
  2 adder skeletons
  3 worms
  2 dart slugs
  6 leopard geckos
  183 orcs
  10 bats
  A bat skeleton (D:2)
  2 bat zombies (D:2)
  3 giant cockroaches
  10 hobgoblins
  11 jackals
  5 quokkas
  A ball python (D:8)
  2 ball python skeletons (D:2)
  A frilled lizard (D:4)
  10 goblins
  8 kobolds
  A leopard gecko zombie (D:5)
  A quokka skeleton (D:4)
  A quokka zombie (D:2)
  8 rats
  4 bushes (Shoals:2)
  2 butterflies
  3 crawling corpses (Elf:3)
2467 creatures vanquished.

Vanquished Creatures (collateral kills)
  A boulder beetle (Lair:2)
  A hydra (Lair:4)
  A two-headed ogre (D:9)
  2 death yaks (Lair:4)
  An oklob plant (Lair:2)
  A cane toad (Lair:2)
  A komodo dragon (Lair:2)
  4 blink frogs (Lair:4)
  A basilisk (Lair:4)
  An ice beast (D:9)
  2 wolves (Lair:2)
  2 wyvern zombies (D:9)
  2 bullfrogs
  A killer bee (Lair:4)
  A hound (D:9)
  A hound zombie (D:10)
  An adder (D:9)
  A river rat (Lair:4)
25 creatures vanquished.

Vanquished Creatures (others)
  A deep elf sorcerer (Elf:3)
  2 deep elf knights (Elf:2)
  3 deep elf magi (Elf:2)
  An orc priest (D:13)
  235 blocks of ice
  A demonic plant (Gauntlet)
  83 fungi
  283 plants
  14 withered plants (Gauntlet)
623 creatures vanquished.

Grand Total: 3115 creatures vanquished

Notes
Turn   | Place    | Note
-------+----------+-------------------------------------------
     0 | D:1      | sahdkjhfkaj the Gargoyle Ice Elementalist began the quest
                  | for the Orb.
     0 | D:1      | Reached XP level 1. HP: 10/10 MP: 3/3
   236 | D:1      | Reached XP level 2. HP: 15/15 MP: 3/5
   317 | D:1      | Reached skill level 1 in Polearms
   758 | D:2      | Found a white marble altar of Elyvilon.
   808 | D:2      | Reached XP level 3. HP: 11/19 MP: 6/6
   975 | D:2      | Learned a level 3 spell: Frozen Ramparts
  1078 | D:2      | Found a sparkling altar of Nemelex Xobeh.
  1637 | D:2      | Reached XP level 4. HP: 24/24 MP: 7/7
  1655 | D:2      | Noticed Natasha
  1659 | D:2      | Killed Natasha
  1713 | D:2      | Found a sacrificial altar of Ru.
  1788 | D:2      | Reached skill level 5 in Ice Magic
  1833 | D:2      | Became a worshipper of Ru the Awakened
  2021 | D:2      | Found a sparkling altar of Nemelex Xobeh.
  2116 | D:2      | Noticed Natasha
  2121 | D:2      | Killed Natasha
  2122 | D:2      | Reached XP level 5. HP: 28/28 MP: 1/8
  2238 | D:2      | Noticed Natasha
  2245 | D:2      | Killed Natasha
  2648 | D:3      | Found a glowing golden altar of the Shining One.
  2840 | D:3      | Found a hide-covered altar of Uskayaw.
  3067 | D:3      | Reached skill level 1 in Shields
  3067 | D:3      | Reached XP level 6. HP: 24/32 MP: 5/9
  3507 | D:3      | Learned a level 4 spell: Hailstorm
  3691 | D:4      | Found a blossoming altar of Fedhas.
  3754 | D:4      | Reached skill level 1 in Conjurations
  3838 | D:4      | Noticed an orc warrior
  3846 | D:4      | Killed an orc warrior
  3849 | D:4      | Reached XP level 7. HP: 27/36 MP: 7/10
  4139 | D:5      | Entered Level 5 of the Dungeon
  4476 | D:5      | Noticed Ijyb
  4482 | D:5      | Killed Ijyb
  4641 | D:5      | Found a runed translucent door.
  4642 | D:5      | Noticed Crazy Yiuf
  4823 | D:5      | Learned a level 3 spell: Ozocubu's Armour
  4915 | D:5      | Reached skill level 5 in Conjurations
  5388 | D:5      | Found a stormy altar of Qazlal.
  5392 | D:5      | Found a hazy altar of Hepliaklqana.
  5392 | D:5      | Found a glowing silver altar of Zin.
  5404 | D:5      | Reached XP level 8. HP: 15/41 MP: 7/11
  5798 | D:5      | Killed Crazy Yiuf
  5968 | D:6      | Noticed Duvessa
  5968 | D:6      | Noticed Dowan
  5979 | D:6      | Killed Duvessa
  6330 | D:6      | Killed Dowan
  6501 | D:6      | Found a runed translucent door.
  6503 | D:6      | Noticed hgbash's ghost (novice OpBr)
  6671 | D:6      | Killed hgbash's ghost
  6672 | D:6      | Reached XP level 9. HP: 36/45 MP: 7/12
  6905 | D:6      | Found a bloodstained altar of Trog.
  7052 | D:6      | Reached skill level 10 in Conjurations
  8434 | D:7      | Found a staircase to the Ecumenical Temple.
  8505 | Temple   | Entered the Ecumenical Temple
  8614 | Temple   | Fell from the grace of Ru
  8614 | Temple   | Became a worshipper of Vehumet
  8684 | D:7      | Reached skill level 10 in Ice Magic
  9013 | D:8      | Found Hohuicuh's Antique Weapon Boutique.
  9073 | D:8      | Found a flagged portal.
  9140 | Bailey   | Entered a bailey
  9161 | Bailey   | Reached * piety under Vehumet
  9161 | Bailey   | Offered knowledge of Shock by Vehumet.
  9534 | Bailey   | Reached XP level 10. HP: 49/50 MP: 3/16
  9560 | Bailey   | Reached ** piety under Vehumet
  9563 | Bailey   | Offered knowledge of Searing Ray by Vehumet.
  9850 | Bailey   | Noticed an orc knight
  9865 | Bailey   | Killed an orc knight
  9865 | Bailey   | Noticed an orc knight
  9866 | Bailey   | Reached skill level 5 in Spellcasting
  9905 | Bailey   | Killed an orc knight
 10984 | D:8      | Found a shimmering blue altar of Sif Muna.
 11070 | D:8      | Found a white marble altar of Elyvilon.
 11154 | D:8      | Learned a level 4 spell: Summon Ice Beast
 11324 | D:8      | Found a staircase to the Lair.
 11327 | D:8      | Reached skill level 1 in Summonings
 11525 | D:8      | Noticed a gargoyle
 11535 | D:8      | Killed a gargoyle
 12073 | D:9      | Learned a level 5 spell: Irradiate
 12152 | D:9      | Reached XP level 11. HP: 32/54 MP: 12/21
 12721 | D:9      | Found a runed translucent gate.
 12722 | D:9      | Found a runed translucent gate.
 12723 | D:9      | Found a runed translucent gate.
 12725 | D:9      | Noticed Cheivey's ghost (journeyman GnDe)
 12844 | D:9      | Offered knowledge of Inner Flame by Vehumet.
 12878 | D:9      | Found a snail-covered altar of Cheibriados.
 12914 | D:9      | Reached *** piety under Vehumet
 12915 | D:9      | Reached skill level 1 in Transmutations
 13078 | D:9      | Identified Joho's Disquisition on Doomed Cold
 13635 | D:10     | Entered Level 10 of the Dungeon
 13709 | D:10     | Offered knowledge of Dazzling Flash by Vehumet.
 13782 | D:10     | Noticed a two-headed ogre
 13875 | D:9      | Found a runed translucent gate.
 14061 | D:9      | Killed a two-headed ogre
 14903 | D:10     | Reached **** piety under Vehumet
 15306 | Lair:1   | Entered Level 1 of the Lair of Beasts
 15540 | Lair:1   | Offered knowledge of Static Discharge by Vehumet.
 15800 | Lair:1   | Noticed a four-headed hydra
 15840 | Lair:1   | Killed a four-headed hydra
 16542 | Lair:2   | Reached skill level 5 in Summonings
 16543 | Lair:2   | Reached XP level 12. HP: 53/59 MP: 19/24
 16741 | Lair:2   | Noticed a five-headed hydra
 16748 | Lair:2   | Killed a five-headed hydra
 16749 | Lair:2   | Reached skill level 15 in Conjurations
 17104 | Lair:2   | Found a staircase to the Snake Pit.
 17107 | Lair:2   | Reached skill level 1 in Fighting
 17214 | Lair:2   | Reached skill level 2 in Fighting
 17426 | Lair:2   | Reached skill level 3 in Fighting
 17426 | Lair:2   | Reached skill level 10 in Spellcasting
 17488 | Lair:2   | Reached skill level 4 in Fighting
 17659 | Lair:2   | Reached ***** piety under Vehumet
 17660 | Lair:2   | Reached skill level 5 in Fighting
 17715 | Lair:2   | Offered knowledge of Conjure Ball Lightning by Vehumet.
 17730 | Lair:2   | Reached skill level 6 in Fighting
 18560 | Lair:2   | Reached skill level 7 in Fighting
 18651 | Lair:2   | Reached skill level 8 in Fighting
 19282 | Lair:3   | Reached XP level 13. HP: 50/80 MP: 27/27
 19821 | Lair:2   | Reached skill level 9 in Fighting
 20214 | Lair:3   | Reached skill level 10 in Fighting
 20525 | Lair:3   | Reached skill level 11 in Fighting
 20525 | Lair:3   | Gained mutation: Your large and strong wings let you fly
                  | indefinitely. [Gargoyle growth]
 20525 | Lair:3   | Reached XP level 14. HP: 90/90 MP: 28/28
 21077 | Lair:4   | Found the ring of Shadows {Umbra +Inv Stlth+}
 21118 | Lair:4   | Found a staircase to the Shoals.
 21266 | Lair:4   | Reached skill level 5 in Dodging
 23151 | Lair:4   | HP: 4/90 [death yak (22)]
 23910 | Lair:5   | Offered knowledge of Ozocubu's Refrigeration by Vehumet.
 23918 | Lair:5   | Learned a level 6 spell: Ozocubu's Refrigeration
 24360 | Lair:5   | Reached XP level 15. HP: 93/94 MP: 6/29
 24755 | Lair:5   | Found the ring of Robustness {AC+8}
 25200 | Lair:6   | Entered Level 6 of the Lair of Beasts
 25849 | Lair:6   | Got a faintly glowing kite shield
 25850 | Lair:6   | Identified the +3 kite shield of the Tortoise {rPois} (You
                  | found it on level 6 of the Lair of Beasts)
 26223 | Lair:6   | Reached skill level 5 in Shields
 26223 | Lair:6   | Reached skill level 15 in Ice Magic
 26463 | Lair:6   | Found a staircase to the Slime Pits.
 26463 | Lair:6   | Found a viscous altar of Jiyva.
 26514 | Lair:6   | Noticed Nessos
 26524 | Lair:6   | Killed Nessos
 26998 | Lair:6   | Offered knowledge of Orb of Destruction by Vehumet.
 27539 | D:10     | Learned a level 7 spell: Orb of Destruction
 27598 | D:11     | Found a frozen archway.
 27626 | IceCv    | Entered an ice cave
 28072 | IceCv    | Reached skill level 1 in Evocations
 28606 | IceCv    | Found an ancient bone altar of Kikubaaqudgha.
 29525 | D:11     | Noticed Sonja
 29530 | D:11     | Killed Sonja
 29797 | D:11     | Reached skill level 10 in Shields
 30069 | D:11     | Noticed Erolcha
 30073 | D:11     | Killed Erolcha
 30154 | D:11     | Reached ****** piety under Vehumet
 30157 | D:11     | Offered knowledge of Lightning Bolt by Vehumet.
 30176 | D:11     | Found a roughly hewn altar of Beogh.
 30176 | D:11     | Found a staircase to the Orcish Mines.
 30368 | D:11     | Noticed Nergalle
 30371 | D:11     | Killed Nergalle
 31863 | D:12     | Reached XP level 16. HP: 100/100 MP: 19/30
 33166 | D:13     | Offered knowledge of Lee's Rapid Deconstruction by Vehumet.
 33187 | D:13     | Noticed Frances
 33188 | D:13     | Found a gate leading to a gauntlet.
 33197 | Gauntlet | Entered a Gauntlet
 33197 | Gauntlet | Found a transporter.
 33350 | Gauntlet | Found a transporter.
 33364 | Gauntlet | Found a runed translucent gate.
 33364 | Gauntlet | Found a runed translucent gate.
 33366 | Gauntlet | Found a transporter.
 33370 | Gauntlet | Found a transporter.
 33379 | Gauntlet | Identified the ring of Nusaba {*Slow Will+ Int+6 Dex+5}
 33391 | Gauntlet | Found a transporter.
 33404 | Gauntlet | Found a transporter.
 33417 | Gauntlet | Found a transporter.
 33446 | Gauntlet | Found a transporter.
 33446 | Gauntlet | Found a transporter.
 33450 | Gauntlet | Found a transporter.
 33475 | Gauntlet | Found a transporter.
 33477 | Gauntlet | Found a transporter.
 33512 | Gauntlet | Found a runed translucent gate.
 33664 | Gauntlet | Got a slimy plate armour
 33695 | Gauntlet | Identified the cursed +0 scimitar of the Saving Blowfly
                  | {elec, +Fly rElec Str+4}
 33792 | D:13     | Killed Frances
 34007 | D:13     | Found an ornate altar of the Wu Jian Council.
 34071 | D:13     | Found Pahifro's Jewellery Shop.
 34071 | D:13     | Identified the ring of Puimuxzec {+Blink rPois AC+4}
 34836 | D:13     | Found Pahifro's Jewellery Shop.
 34874 | D:13     | Found an ornate altar of the Wu Jian Council.
 35101 | D:14     | Reached skill level 5 in Evocations
 36164 | D:14     | Found a gate to the Vaults.
 36332 | D:14     | Noticed Josephine
 36335 | D:14     | Killed Josephine
 36586 | D:15     | Entered Level 15 of the Dungeon
 36630 | D:15     | Found a portal to a secret trove of treasure.
 37776 | D:15     | Found a staircase to the Depths.
 38054 | Orc:1    | Entered Level 1 of the Orcish Mines
 38196 | Orc:1    | Offered knowledge of Iskenderun's Battlesphere by Vehumet.
 38210 | Orc:1    | Noticed Jorgrun
 38638 | Orc:1    | Killed Jorgrun
 38940 | Orc:2    | Entered Level 2 of the Orcish Mines
 38940 | Orc:2    | Found a staircase to the Elven Halls.
 39137 | Orc:2    | Reached XP level 17. HP: 104/104 MP: 17/31
 39427 | Orc:2    | Found Lateb's Weapon Emporium.
 39427 | Orc:2    | Found Wacsu's Distillery.
 39498 | Orc:2    | Found a roughly hewn altar of Beogh.
 39857 | Orc:2    | Offered knowledge of Iron Shot by Vehumet.
 39979 | Orc:2    | Found Biwk's Antique Armour Boutique.
 39979 | Orc:2    | Found Qiur's Distillery.
 40498 | Orc:2    | Bought a distressingly furry robe for 159 gold pieces
 40508 | Orc:2    | Identified the +1 robe "Mucuodd" {Rampage Str+2 Dex+4} (You
                  | bought it in a shop on level 2 of the Orcish Mines)
 40756 | Snake:1  | Entered Level 1 of the Snake Pit
 41272 | Snake:1  | Noticed Aizul
 41281 | Snake:1  | Killed Aizul
 41282 | Snake:1  | Reached skill level 15 in Shields
 41740 | Snake:2  | Noticed Nikola
 41757 | Snake:2  | Killed Nikola
 43032 | Snake:3  | Learned a level 6 spell: Iron Shot
 43096 | Snake:3  | Offered knowledge of Lehudib's Crystal Spear by Vehumet.
 43096 | Snake:3  | Offered knowledge of Chain Lightning by Vehumet.
 43096 | Snake:3  | Offered knowledge of Tornado by Vehumet.
 43105 | Snake:3  | Reached skill level 1 in Earth Magic
 44022 | Snake:4  | Entered Level 4 of the Snake Pit
 44051 | Snake:4  | Noticed Louise
 44054 | Snake:4  | Killed Louise
 44055 | Snake:4  | Reached XP level 18. HP: 110/110 MP: 29/35
 44122 | Snake:4  | Reached skill level 5 in Earth Magic
 44660 | Snake:4  | Found a glowing golden altar of the Shining One.
 45759 | Snake:4  | Got a serpentine rune of Zot
 46234 | D:9      | Killed Cheivey's ghost
 46463 | Snake:4  | Reached skill level 10 in Earth Magic
 46953 | Snake:4  | Reached skill level 15 in Spellcasting
 47053 | Snake:4  | Reached XP level 19. HP: 114/114 MP: 20/38
 47373 | Shoals:1 | Entered Level 1 of the Shoals
 48668 | Shoals:2 | Found Fyoraef's Jewellery Emporium.
 48748 | Shoals:2 | Found Xoygraqe's Antique Armour Shop.
 49023 | Shoals:2 | Found Ylianota's Assorted Antiques.
 49023 | Shoals:2 | Found Haigg's General Store.
 49078 | Shoals:2 | Bought a scroll labelled TYEGAO MUEFOZA for 37 gold pieces
 49157 | Shoals:2 | Found Yboqires's General Store.
 49369 | Shoals:3 | Reached skill level 10 in Evocations
 50657 | Shoals:4 | Entered Level 4 of the Shoals
 51194 | Shoals:4 | Found the ring of the Octopus King
 51209 | Shoals:4 | Identified a ring of the Octopus King {MP+9 AC+1 EV+1 Str+1
                  | Int+1 Dex+1} (You found it on level 4 of the Shoals)
 51296 | Shoals:4 | Reached skill level 12 in Fighting
 51645 | Shoals:4 | Found Noipevif's Armour Boutique.
 51740 | Shoals:4 | Got a barnacled rune of Zot
 52152 | Shoals:4 | Reached XP level 20. HP: 124/124 MP: 39/39
 52764 | Vaults:1 | Entered Level 1 of the Vaults
 52803 | Vaults:1 | Noticed Saint Roka
 52855 | D:14     | Killed Saint Roka
 53363 | Vaults:1 | Reached skill level 13 in Fighting
 53376 | Vaults:1 | HP: 1/124 [tengu reaver/bolt of magma (39)]
 55284 | Vaults:1 | Identified a scroll of acquirement
 55285 | Vaults:1 | Acquired a +0 pair of boots of running
 55475 | Vaults:1 | Found Vasoajod's General Store.
 55488 | Vaults:1 | Bought a scroll of acquirement for 936 gold pieces
 55488 | Vaults:1 | Acquired a book of Annihilations
 55500 | Vaults:1 | Learned a level 9 spell: Absolute Zero
 55740 | Vaults:2 | Reached skill level 14 in Fighting
 55922 | Vaults:2 | Acquired an uncursed staff of earth
 55966 | Vaults:2 | Noticed Sojobo
 55978 | Vaults:2 | HP: 6/127 [yaktaur captain/bolt (16)]
 56553 | Vaults:2 | Found a staircase to the Crypt.
 56553 | Vaults:2 | Found an ancient bone altar of Kikubaaqudgha.
 56554 | Vaults:2 | Found a basalt altar of Yredelemnul.
 56673 | Vaults:2 | Reached XP level 21. HP: 132/132 MP: 40/40
 57188 | Vaults:2 | Noticed Jory
 57192 | Vaults:2 | Killed Jory
 57201 | Vaults:2 | Gained mutation: Armour fits poorly on your strangely
                  | shaped body. [mutagenic glow]
 57349 | Vaults:2 | Killed Sojobo
 58168 | Vaults:3 | Found a broken altar of Ashenzari.
 58471 | Vaults:3 | Reached skill level 15 in Fighting
 58508 | Vaults:3 | Reached skill level 10 in Dodging
 60345 | Vaults:4 | Noticed Margery
 60347 | Vaults:4 | Reached XP level 22. HP: 140/140 MP: 10/41
 60375 | Vaults:4 | Killed Margery
 61164 | Vaults:4 | Found a runed translucent gate.
 61164 | Vaults:4 | Found a runed translucent gate.
 61176 | Vaults:4 | Found a runed translucent gate.
 61181 | Vaults:4 | Noticed DatorSojat's ghost (veteran SpEn)
 62489 | Elf:1    | Entered Level 1 of the Elven Halls
 62811 | Elf:1    | Identified the Incunabulum of Attacks
 63616 | Elf:2    | Found a flickering gateway to a bazaar.
 63626 | Bazaar   | Entered a bazaar
 63626 | Bazaar   | Found Seadaak's General Store.
 63626 | Bazaar   | Found Picadu's Antique Weapon Shoppe.
 63626 | Bazaar   | Found Kesa's Armour Emporium.
 63647 | Bazaar   | Found Haf Dibla's Armour Emporium.
 63916 | Elf:2    | Found a runed translucent gate.
 63916 | Elf:2    | Found a runed translucent gate.
 64086 | Elf:2    | Found a runed translucent gate.
 64179 | Elf:3    | Entered Level 3 of the Elven Halls
 64612 | Elf:3    | Identified the Handbook of Creative Attacks
 64883 | Elf:3    | Found Xoxkaz's Gadget Emporium.
 65850 | Elf:3    | Reached XP level 23. HP: 136/144 MP: 24/42
 66315 | Elf:3    | Identified the Disquisition on Intoxication
 66320 | Elf:3    | Identified the cursed ring of Dasain {rElec rC+ rN+ Str-4}
                  | (You found it on level 3 of the Elven Halls)
 66396 | Elf:3    | Found the +9 sword of Zonguldrok {reap}
 66418 | Elf:3    | Identified the cursed ring of Foolhardiness {rF+++ Will-
                  | Str-4 SInv} (You found it on level 3 of the Elven Halls)
 66843 | Vaults:5 | Entered Level 5 of the Vaults
 67462 | Vaults:5 | Noticed a golden dragon
 67465 | Vaults:5 | Killed a golden dragon
 67467 | Vaults:5 | Identified the +3 lajatang "Sesieb" {speed, Will+ Int+2
                  | Dex+3}
 68076 | Vaults:5 | Identified the +3 flail of Terror {vamp, Int+3}
 68076 | Vaults:5 | Identified the +5 plate armour "Ygykith" {-Cast rC+++
                  | Str+6}
 69560 | Vaults:5 | Reached XP level 24. HP: 150/150 MP: 25/42
 69912 | Vaults:5 | Identified the cursed +3 mace of Imminent Death {flame,
                  | rN+}
 69951 | Vaults:5 | Identified the Incunabulum of Companions
 71913 | Vaults:5 | Reached skill level 16 in Fighting
 71964 | Vaults:5 | Got a silver rune of Zot
 72049 | Vaults:5 | Identified the +0 robe of the Evening {-Cast rElec rF-
                  | Dex+10} (You found it on level 5 of the Vaults)
 72268 | Depths:1 | Entered Level 1 of the Depths
 72625 | Depths:1 | Acquired an uncursed ring of wizardry
 72637 | Depths:1 | Learned a level 6 spell: Shadow Creatures
 72871 | Depths:1 | Found a gateway to Hell.
 73371 | Depths:2 | Reached XP level 25. HP: 157/157 MP: 39/42
 73782 | Depths:2 | Found a one-way gate to the infinite horrors of the Abyss.
 73807 | Hell     | Entered the Vestibule of Hell
 73807 | Hell     | Noticed Geryon
 73906 | Hell     | Killed Geryon
 74203 | Depths:2 | Reached skill level 10 in Summonings
 74628 | Depths:2 | Found a snail-covered altar of Cheibriados.
 74629 | Depths:2 | Found a bloodstained altar of Trog.
 74629 | Depths:2 | Found a stormy altar of Qazlal.
 74790 | Depths:2 | Reached skill level 17 in Fighting
 75409 | Hell     | Reached skill level 18 in Fighting
 76249 | Depths:2 | Reached skill level 19 in Fighting
 76828 | Snake:2  | Learned a level 7 spell: Spellforged Servitor
 77300 | Depths:2 | Reached XP level 26. HP: 172/172 MP: 33/42
 77572 | Depths:2 | Identified the amulet of Prescription {Acrobat rC++ Int+6
                  | Dex+3}
 77967 | Depths:3 | Found Bokiolia's Antique Armour Boutique.
 78197 | Depths:3 | Reached skill level 20 in Fighting
 78696 | Depths:3 | Found the +10 tower shield of Ignorance {rN+ Int-4}
 79185 | Depths:3 | Found a one-way gate leading to the halls of Pandemonium.
 79520 | Depths:4 | Reached skill level 21 in Fighting
 79523 | Depths:4 | Noticed a juggernaut
 79529 | Depths:4 | Killed a juggernaut
 80222 | Depths:4 | Reached skill level 22 in Fighting
 80262 | Depths:4 | Found a gateway to a ziggurat.
 80262 | Depths:4 | Noticed an ancient lich
 80273 | Depths:4 | Killed an ancient lich
 81435 | Depths:4 | Reached skill level 23 in Fighting
 81742 | Depths:4 | Reached XP level 27. HP: 188/188 MP: 41/42
 81971 | Depths:5 | Entered Level 5 of the Depths
 82509 | Depths:5 | Identified the ring "Pugeorea" {Dex+4 Stlth-} (You found it
                  | on level 5 of the Depths)
 83779 | Depths:5 | Found a gate to the Realm of Zot.
 84103 | D:13     | Bought an uncursed ring of willpower for 275 gold pieces
 84390 | Zot:1    | Entered Level 1 of the Realm of Zot
 84431 | Zot:1    | Reached skill level 24 in Fighting
 86158 | Zot:1    | Reached skill level 25 in Fighting
 87953 | Zot:2    | Found a basalt altar of Yredelemnul.
 87965 | Zot:2    | Identified the Handbook of Fire and Brimstone
 87987 | Zot:2    | Identified the Compendium of the Zealot
 88495 | Zot:3    | Noticed an orb of fire
 88503 | Zot:3    | Found a transporter.
 88504 | Zot:3    | Found a radiant altar of Vehumet.
 88511 | Zot:3    | Noticed an ancient lich
 88560 | Zot:3    | Reached skill level 26 in Fighting
 89696 | Zot:3    | Learned a level 5 spell: Lee's Rapid Deconstruction
 90413 | Zot:4    | Identified the +7 glaive of Ygatadun {vorpal, *Slow rElec
                  | rN+ Int+2}
 90425 | Zot:4    | Killed from afar by a red draconian stormcaller

Illustrated notes

Levels and vault maps discovered:
D:1:      giann_horns, layout_loops_ring
D:2:      layout_basic, hangedman_ru_absence, nemelex_xobeh_ov_fountains_minmay,
          serial_undead, serial_undead_d, serial_undead_c, serial_undead_a,
          serial_undead_a, elyvilon_altar_4, uniq_natasha
D:3:      minmay_octagon_keep, layout_basic, nicolae_tso_swordbearing_angel,
          eat_drink_and_be_merry_uskayaw
D:4:      layout_rooms, fedhas_altar_2
D:5:      layout_loops_ring, grunt_temple_overflow_open,
          uniq_crazy_yiuf_cottage, uniq_ijyb
D:6:      layout_rooms, lemuel_coloured_pillars_altar, ebering_ghost_sewer_d,
          uniq_duvessa
D:7:      layout_loops_ring, minmay_temple_entry_enclosed_plants
D:8:      layout_cave_pools, nicolae_overflow_crystal_walls, erik_lair_island,
          basic_altar, serial_shops, shop_fountains, enter_bailey_4
D:9:      layout_grid_maze, cheibriados_altar_2, gammafunk_ghost_necromancy,
          kennysheep_generic_room_6
D:10:     layout_basic
D:11:     layout_cave_pods, david_orc_5, portal_ice_cave_entry_imps,
          uniq_nergalle, uniq_erolcha, uniq_sonja
D:12:     layout_loops_corners, serial_aquarium, aquarium_bridge_square
          [aquarium_subvault_bridge, aquarium_subvault_wall,
          aquarium_subvault_window, aquarium_subvault_wall], aquarium_window_3,
          aquarium_window_corner, aquarium_window_fake, aquarium_window_fake,
          aquarium_view_2c, chequers_serial_rivers_small_b
D:13:     layout_rooms, basic_altar, serial_shops, kennysheep_mini_moat,
          gauntlet_entry_generic, grunt_ministairs_8, serial_bayou_pond_a,
          uniq_frances
D:14:     layout_rooms, david_vaults_4, minmay_staircase_statues_hall_small,
          uniq_josephine
D:15:     grunt_enter_depths_snipers, layout_small_grid,
          nicolae_trove_entry_path_of_doom, minmay_misc_feat_hallway
Temple:   kb_corrupted_temple
Lair:1:   layout_chaotic_city
Lair:2:   layout_small_grid, minmay_snake_entry_guardpost_small, special_room
          [special_room_bee], serial_bayou_shore_b, grunt_megastairs_4,
          minmay_lair_oklob_chamber
Lair:3:   layout_regular_city, grunt_megastairs_1, infiniplex_staircase_pool_2
Lair:4:   regret_index_harrowing_hell_hive, layout_hall_layers,
          minmay_shoals_entry_beasts, lemuel_fruit_fields
Lair:5:   layout_long_grid, enter_volcano_2
Lair:6:   evilmike_catoblepas_cave, layout_hall_layers, slime_altar_1,
          st_stairs_12, lemuel_fruit_fields, grunt_megastairs_3, uniq_nessos
Shoals:1: layout_shoals
Shoals:2: cheibrodos_shoals_satyrical_garden, layout_shoals, serial_shops,
          nicolae_shop_temple_entry_statues_fountains, shop,
          nicolae_shop_temple_entry_statues_fountains, nicolae_shop_statue_plus,
          shop
Shoals:3: layout_shoals
Shoals:4: shoals_end_hangedman, layout_shoals, serial_shops, shop_fountains
Snake:1:  layout_rooms, uniq_aizul
Snake:2:  layout_onion_interference, serial_bayou_shore_b, uniq_nikola
Snake:3:  nicolae_aizul_guard, layout_grid_shapes, st_stairs_11,
          serial_bayou_shore_a
Snake:4:  grunt_snake_rune_spirals, layout_onion, basic_altar,
          guppyfry_snake_island, uniq_louise
Orc:1:    layout_diamond_mine, uniq_jorgrun
Orc:2:    st_orc_town, layout_caves
Elf:1:    minmay_elf_arrival_plus, layout_geoelf_grid, minmay_elf_annihilation
Elf:2:    layout_rooms, serial_shops, freezing_bzr
Elf:3:    minmay_elf_hall_spiked, layout_geoelf_octagon, serial_shops,
          nicolae_shop_temple_entry_statues_fountains, minmay_elf_sorcery
Vaults:1: vaults_room_grunt_arrival_ludios, st_diamondy,
          hangedman_vaults_impose, nicolae_vaults_mini_display_case,
          dpeg_vaults_monster_box, nicolae_vaults_asterisk, vaults_room_corners,
          nicolae_vaults_yaktaur_gun_rack, vaults_room_pool,
          nicolae_vaults_little_squares_4, layout_vaults_chaotic_city,
          serial_shops, nicolae_shop_behind_doors, uniq_saint_roka
Vaults:2: grunt_vaults_swirl, minmay_crypt_entry_necro_gods, v_misc_32,
          nicolae_vaults_network_barrier, vaults_mumra_hex,
          nicolae_vaults_network_quincunx
          [nicolae_vaults_network_quincunx_subvault,
          nicolae_vaults_network_quincunx_subvault,
          nicolae_vaults_network_quincunx_subvault,
          nicolae_vaults_network_quincunx_subvault,
          nicolae_vaults_network_quincunx_subvault], vaults_dpeg_diagonal,
          ontoclasm_vaults_bender, v_rooms_6, grunt_vaults_bifocal,
          nicolae_vaults_shelves_hall, vaults_room_hallway,
          nicolae_vaults_little_squares_4, layout_vaults_maze, uniq_jory,
          uniq_sojobo
Vaults:3: v_alt_pattern_4, hangedman_vaults_variations,
          nicolae_vaults_network_square, v_alt_pattern_5, nicolae_vaults_theta,
          nicolae_vaults_shelves_hall, v_pattern_3, nicolae_vaults_network_star,
          vaults_room_octagon, dpeg_vaults_monster_row, vaults_mumra_chevron,
          layout_vaults_ring, basic_altar
Vaults:4: gammafunk_vaults_ghost_spectres, hangedman_vaults_restitches,
          nicolae_vaults_little_squares_4, v_misc_9,
          nicolae_vaults_ring_of_whatevers, v_pattern_2, vaults_room_door_hall,
          ontoclasm_vaults_pinch, layout_vaults_quadrants, uniq_margery
Vaults:5: serial_shops
Depths:1: layout_gridlike, kennysheep_small_spiral, lightli_too_deep,
          lightli_fourway_metalbox, grunt_megastairs_5
Depths:2: hangedman_slaughterboxes, hell_entry, abyss_entry
Depths:3: grunt_double_whammy, layout_gridville, rand_demon_pan_entry_7,
          chequers_serial_rivers_large_b, hell_entry, serial_shops, shop
Depths:4: minmay_crescents, layout_basic, enter_ziggurat_c, pan_entry,
          hangedman_coc_ice_floe, nicolae_abyss_entry_one_way_or_another,
          minmay_misc_feat_encased, drop_trap
Depths:5: evilmike_zot_entry_hall, layout_cave_pools, rand_demon_pan_entry_5,
          serial_sigils, serial_sigils_hangedman_writhe,
          serial_sigils_hangedman_shear, serial_sigils_hangedman_gnaw,
          serial_sigils_hangedman_gut, grunt_hell_entry_dis_mu,
          hangedman_glass_teeth
Hell
Zot:1:    layout_twisted_circle
Zot:2:    nicolae_zot_draconian_monastery, layout_cathedral_of_symmetry,
          bh_zot_lava_cross
Zot:3:    gammafunk_sealed_library, layout_gridlike, grunt_ministairs_2
Zot:4:    layout_gridlike, st_stairs_9, hangedman_hellfire_club

Skill      XL: |  1  2  3  4  5  6  7  8  9 10 11 12 13 14 15 16 17 18 19 20 21 22 23 24 25 26 27 |
---------------+----------------------------------------------------------------------------------+-----
Polearms       | 1 2 |  2.0
Ice Magic      | 5 6 7 9 10 11 13 15 17 19 21 24 25 | 25.0
Shields        | 1 2 4 10 14 15 | 15.0
Conjurations   | 2 5 9 12 13 14 15 | 15.0
Spellcasting   | 4 7 8 10 13 15 | 15.4
Summonings     | 2 5 7 10 | 10.0
Transmutations | 3 |  3.0
Fighting       | 8 11 12 14 15 16 19 23 26 | 26.4
Dodging        | 3 5 7 9 10 | 10.2
Evocations     | 3 7 8 10 11 | 11.6
Earth Magic    | 4 10 | 10.0
Armour         | |  0.3
Stealth        | |  2.1

Action                   |  1- 3 |  4- 6 |  7- 9 | 10-12 | 13-15 | 16-18 | 19-21 | 22-24 | 25-27 || total
-------------------------+-------+-------+-------+-------+-------+-------+-------+-------+-------++-------
Melee: Unarmed           |     5 |       |       |       |       |       |     2 |       |       ||     7
       Spear             |   118 |   174 |   231 |   415 |       |       |       |       |       ||   938
       Dagger            |       |       |       |    27 |   165 |   101 |       |       |       ||   293
       Staff             |       |       |       |       |    23 |     4 |     6 |    14 |    37 ||    84
 Cast: Freeze            |     6 |     6 |     1 |    59 |    66 |     1 |     1 |       |       ||   140
       Frozen Ramparts   |     2 |     9 |    37 |    37 |    13 |     1 |       |       |       ||    99
       Hailstorm         |       |       |    18 |   122 |    56 |       |       |       |       ||   196
       Ozocubu's Armour  |       |       |     3 |     3 |     3 |       |       |     1 |       ||    10
       Summon Ice Beast  |       |       |       |    41 |    35 |       |       |       |       ||    76
       Irradiate         |       |       |       |     1 |    24 |    12 |    10 |     9 |     3 ||    59
       Ozocubu's Refrige |       |       |       |       |   178 |   635 |   631 |   478 |   527 ||  2449
       Orb of Destructio |       |       |       |       |    56 |    15 |     5 |     1 |     2 ||    79
       Iron Shot         |       |       |       |       |       |     2 |    21 |     2 |    14 ||    39
       Absolute Zero     |       |       |       |       |       |       |     2 |    76 |   173 ||   251
       Spellforged Servi |       |       |       |       |       |       |       |       |     3 ||     3
       Shadow Creatures  |       |       |       |       |       |       |       |       |     1 ||     1
Invok: Reject Sacrifices |       |     1 |       |       |       |       |       |       |       ||     1
 Abil: Fly               |       |       |       |       |     2 |       |     1 |       |       ||     3
       Stop Flying       |       |       |       |       |     1 |       |     1 |       |       ||     2
Evoke: Wand              |       |       |     4 |       |       |       |       |       |     2 ||     6
  Use: Scroll            |     6 |     2 |     3 |     9 |     6 |    10 |    22 |    10 |     3 ||    71
       Potion            |       |       |     1 |       |     3 |     1 |     1 |       |       ||     6
 Stab: Sleeping          |     4 |     5 |     1 |     3 |     2 |       |       |       |       ||    15
       Distracted        |     1 |       |       |     3 |       |       |       |       |       ||     4
       Petrified         |       |       |       |       |     2 |       |       |       |       ||     2
Armor: Robe              |    58 |    44 |   101 |    69 |   155 |    77 |    46 |    34 |    66 ||   650
       Troll leather arm |       |       |       |   222 |       |       |       |       |       ||   222
       Fire dragon scale |       |       |       |       |       |       |       |       |    32 ||    32
Dodge: Dodged            |    91 |    70 |   133 |   326 |   235 |    84 |    83 |    46 |   126 ||  1194
Block: Buckler           |       |    11 |    39 |   173 |    82 |       |       |       |       ||   305
       Kite shield       |       |       |       |       |   111 |   143 |   106 |    67 |   125 ||   552

Table legend: (Time is in decaauts)
 A = Elapsed time spent in this place.
 B = Non-inter-level travel time spent in this place.
 C = Inter-level travel time spent in this place.
 D = Time resting spent in this place.
 E = Time spent auto-exploring this place.
 F = Levels seen in this place.
 G = Mean time per level.
                   A        B        C        D        E       F      G
               +--------+--------+--------+--------+--------+-----+--------+
         Total |  89071 |  83443 |   5628 |  11375 |  60779 |  54 | 1649.5 |
       Dungeon |  23662 |  21428 |   2234 |   2713 |  15731 |  15 | 1577.5 |
        Temple |    128 |    102 |     26 |      0 |     88 |   1 |  128.0 |
          Lair |  12457 |  11607 |    850 |    990 |   9062 |   6 | 2076.2 |
        Shoals |   5161 |   5028 |    133 |      0 |   4535 |   4 | 1290.2 |
     Snake Pit |   6243 |   5808 |    435 |    127 |   4878 |   4 | 1560.8 |
  Orcish Mines |   2628 |   2397 |    231 |     10 |   2055 |   2 | 1314.0 |
   Elven Halls |   3850 |   3688 |    162 |    679 |   2453 |   3 | 1283.3 |
        Vaults |  14183 |  13540 |    643 |   2779 |   8993 |   5 | 2836.6 |
        Depths |  11135 |  10330 |    805 |   2030 |   7167 |   5 | 2227.0 |
          Hell |    237 |    237 |      0 |     89 |      0 |   1 |  237.0 |
           Zot |   5416 |   5311 |    105 |    744 |   3953 |   4 | 1354.0 |
        Bazaar |     34 |     34 |      0 |      0 |     29 |   1 |   34.0 |
        Bailey |   1444 |   1444 |      0 |    987 |    169 |   1 | 1444.0 |
      Ice Cave |   1892 |   1892 |      0 |     78 |   1348 |   1 | 1892.0 |
      Gauntlet |    596 |    596 |      0 |    147 |    315 |   1 |  596.0 |
               +--------+--------+--------+--------+--------+-----+--------+

Top non-repeatable levels by time:
Vaults:5: 4577 daAuts
Depths:2: 3666 daAuts
  Lair:4: 3097 daAuts
  Lair:2: 3073 daAuts
Vaults:4: 2696 daAuts
Vaults:1: 2668 daAuts
 Snake:4: 2637 daAuts
     D:9: 2459 daAuts
Depths:5: 2240 daAuts
   Elf:3: 2239 daAuts
Vaults:3: 2188 daAuts
    D:12: 2161 daAuts
  Lair:6: 2142 daAuts
Vaults:2: 2052 daAuts
     D:5: 2026 daAuts
